 Dungeon Crawl Stone Soup version 0.31-a0-180-g519b7de00c (webtiles) character file.

Game seed: 2820514434494340743

1584 qw the Chopper (level 8, -5/53 HPs)
             Began as a Gargoyle Fighter on June 19, 2023.
             Was an Initiate of Okawaru.
             Slain by an ogre
             ... wielding a +0 giant spiked club
              (13 damage)
             ... on level 6 of the Dungeon.
             The game lasted 00:02:16 (4807 turns).

qw the Chopper (Gargoyle Fighter)                   Turns: 4807, Time: 00:02:16

Health: -5/53      AC: 20    Str: 22    XL:     8   Next: 92%
Magic:  8/8        EV:  8    Int:  9    God:    Okawaru [......]
Gold:   30         SH:  4    Dex:  9    Spells: 7/7 levels left

rFire   + . .        Y - +0 war axe
rCold   + . .        c - +0 buckler
rNeg    + . .        s - +1 chain mail {rF+}
rPois   inf          b - +0 helmet
rElec   +            j - +0 cloak
rCorr   .            e - +1 pair of gloves
SInv    .            (no boots)
Will    +....        (no amulet) Stlth
                     f - ring of protection from cold
HPRegen 0.28/turn    g - ring of willpower
MPRegen 0.11/turn

%: no passive effects
@: no status effects
A: sickness immunity, AC +5, negative energy resistance 1, electricity
resistance, torment resistance 1, petrification resistance
a: Renounce Religion


You were on level 6 of the Dungeon.
You worshipped Okawaru.
Okawaru was noncommittal.
You visited 2 branches of the dungeon, and saw 7 of its levels.

You collected 210 gold pieces.
You spent 180 gold pieces at shops.


Innate Abilities, Weirdness & Mutations

You are immune to sickness and miasma.
Your stone body is resilient. (AC +5)
You are immune to poison.
You resist negative energy. (rN+)
You are resistant to electric shocks. (rElec)
You are resistant to unholy torment.
You are immune to petrification.


   Skills:
 - Level 7.0 Fighting
 + Level 7.9 Axes
 - Level 2.1 Throwing
 - Level 4.0 Armour
 - Level 1.3 Dodging
 - Level 3.2 Shields


You had 7 spell levels left.
You didn't know any spells.
Your spell library was empty.

Inventory:

Hand Weapons
 a - a +0 flail
 Y - a +0 war axe (weapon)
Missiles
 k - 5 javelins
 m - 18 boomerangs (quivered)
Armour
 b - a +0 helmet (worn)
 c - a +0 buckler (worn)
 e - a +1 pair of gloves (worn)
 j - a +0 cloak (worn)
 s - a +1 chain mail of fire resistance (worn)
Jewellery
 f - a ring of protection from cold (left hand)
 g - a ring of willpower (right hand)
 l - a ring of ice
Scrolls
 p - a scroll of identify
Potions
 d - a potion of might
 i - a potion of brilliance {unknown}
 n - 2 potions of enlightenment
 o - a potion of lignification
 q - a potion of curing {unknown}

Dungeon Overview and Level Annotations

Branches:
Dungeon (6/15)             Temple (1/1) D:5

Altars:
Ashenzari
Dithmenos
Gozag
Hepliaklqana
Makhleb
Nemelex Xobeh
Okawaru
Sif Muna
Trog
Uskayaw
Wu Jian
Xom
Zin

Shops:
D:5 *

Annotations:
D:2 1 runed translucent door, Crazy Yiuf


Message History

The hound is heavily wounded.
You hit the iguana. The hound barely misses you.
The iguana bites you but does no damage.
The hound bites you.
4793 ||| READING scroll of teleportation.
As you read the scroll of teleportation, it crumbles to dust.
You feel strangely unstable. The hound bites you. The iguana bites you.
You slash the hound!
You kill the hound!
Okawaru accepts your kill.
You slash the iguana!
The iguana bites you but does no damage.
You barely miss the iguana.
The iguana is heavily wounded.
Your surroundings suddenly seem different.
Found a stone staircase leading up.
You start resting.
A jelly comes into view.
4800 ||| FLEEEEING.
Found an Everburning Encyclopedia.
The jelly quivers.
4801 ||| FLEEEEING.
Found a club.
4802 ||| FLEEEEING.
An ogre comes into view. It is wielding a +0 giant spiked club.
The ogre shouts!
You slash the jelly!
Your hands burn!
The jelly is heavily wounded.
The jelly hits you but does no damage.
You hit the jelly.
Your hands burn!
The jelly is almost dead.
The jelly barely misses you.
You slash the jelly!
You kill the jelly!
Okawaru accepts your kill.
4806 ||| FLEEEEING.
There is a stone staircase leading up here.
4807 ||| STAIRDANCE The ogre hits you with a +0 giant spiked club!
You die...

#. .......
#.........#
#.........#
###.........#
###..........
###...#.......
#.#:#.#.#.#.#.#.#
..........O.)....
##.#.#.#.#@#.#.#.
#.................
##.#.#.#.#.#.#.#.#
#########


You could see an ogre.

Vanquished Creatures
  Pikel (D:4)
  Sigmund (D:4)
  Blork the orc (D:6)
  2 scorpions
  3 jellies
  4 hounds
  2 orc priests
  4 orc wizards
  Natasha (thrice) (D:4)
  3 iguanas
  8 gnolls
  6 adders
  A white imp (D:6)
  An ufetubus (D:4)
  3 dart slugs
  15 orcs
  3 ball pythons
  5 endoplasms
  3 giant cockroaches
  4 goblins
  5 hobgoblins
  2 jackals (D:3)
  7 quokkas
  6 bats
  7 frilled lizards
  10 kobolds
  6 rats
116 creatures vanquished.

Vanquished Creatures (others)
  An orc (D:5)
1 creature vanquished.

Grand Total: 117 creatures vanquished

Notes
Turn   | Place    | Note
-------+----------+-------------------------------------------
     0 | D:1      | qw the Gargoyle Fighter began the quest for the Orb.
     0 | D:1      | Reached XP level 1. HP: 14/14 MP: 1/1
     0 | D:1      | 0 ||| qw: Version: 0.3-a-7-ge0c9b40
     0 | D:1      | 0 ||| qw: Game counter: 913
     0 | D:1      | 0 ||| qw: Always use a shield: true
     0 | D:1      | 0 ||| qw: God list: Okawaru
     0 | D:1      | 0 ||| qw: Allow faded altars: false
     0 | D:1      | 0 ||| qw: Do Orc after D:15 true
     0 | D:1      | 0 ||| qw: Do second Lair branch before Depths: true
     0 | D:1      | 0 ||| qw: Lair rune preference: random
     0 | D:1      | 0 ||| qw: Plans: Normal, Zot:1-4, Slime:5, God:TSO, Crypt,
                  | Tomb, Abyss, Pan, Hells, Win
     0 | D:1      | 0 ||| PLANNING D:1-11
    43 | D:1      | 43 ||| Stepping ~*~*~tactically~*~*~ (stealth).
   127 | D:1      | Reached XP level 2. HP: 19/19 MP: 2/2
   160 | D:1      | 160 ||| Stepping ~*~*~tactically~*~*~ (stealth).
   161 | D:1      | 161 ||| Stepping ~*~*~tactically~*~*~ (stealth).
   192 | D:1      | 192 ||| FLEEEEING.
   193 | D:1      | 193 ||| FLEEEEING.
   204 | D:1      | 204 ||| FLEEEEING.
   205 | D:1      | 205 ||| FLEEEEING.
   206 | D:1      | 206 ||| FLEEEEING.
   207 | D:1      | 207 ||| FLEEEEING.
   213 | D:1      | 213 ||| Stepping ~*~*~tactically~*~*~ (hiding).
   383 | D:1      | 383 ||| FLEEEEING.
   384 | D:1      | 384 ||| FLEEEEING.
   385 | D:1      | 385 ||| FLEEEEING.
   386 | D:1      | 386 ||| FLEEEEING.
   388 | D:1      | 388 ||| FLEEEEING.
   389 | D:1      | 389 ||| FLEEEEING.
   390 | D:1      | 390 ||| FLEEEEING.
   402 | D:1      | 402 ||| Stepping ~*~*~tactically~*~*~ (stealth).
   486 | D:1      | Reached skill level 3 in Axes
   501 | D:1      | 501 ||| DROPPING +0 club.
   551 | D:1      | Reached XP level 3. HP: 23/23 MP: 3/3
   824 | D:1      | 824 ||| UPGRADING to +0 pair of gloves.
   829 | D:1      | 829 ||| READING scroll labelled HIRREI OVEUTUI.
   830 | D:1      | 830 ||| READING scroll labelled TIROEH FASE.
   831 | D:1      | 831 ||| READING scroll labelled CAAWNIH ZYIMESM.
   832 | D:1      | 832 ||| READING scroll labelled SIYNEMARE.
   911 | D:2      | Reached skill level 1 in Throwing
  1027 | D:2      | Found a shadowy altar of Dithmenos.
  1529 | D:2      | Found a runed translucent door.
  1530 | D:2      | Noticed Crazy Yiuf
  1637 | D:2      | 1637 ||| UPGRADING to ring of protection from cold.
  1638 | D:2      | 1638 ||| READING scroll labelled CEWUME QOUD.
  1639 | D:2      | 1639 ||| DRINKING 2 orange potions.
  1695 | D:3      | Found a broken altar of Ashenzari.
  1701 | D:3      | Found a burning altar of Makhleb.
  1733 | D:3      | 1733 ||| Stepping ~*~*~tactically~*~*~ (stealth).
  1736 | D:3      | 1736 ||| Stepping ~*~*~tactically~*~*~ (hiding).
  1737 | D:3      | 1737 ||| Stepping ~*~*~tactically~*~*~ (hiding).
  1745 | D:3      | Reached XP level 4. HP: 20/28 MP: 4/4
  1779 | D:3      | 1779 ||| DROPPING +0 whip.
  1913 | D:3      | 1913 ||| Stepping ~*~*~tactically~*~*~ (hiding).
  1914 | D:3      | 1914 ||| Stepping ~*~*~tactically~*~*~ (hiding).
  1924 | D:3      | HP: 7/28 [gnoll/+0 club (4)]
  1925 | D:3      | 1925 ||| DRINKING potion of heal wounds.
  1937 | D:3      | HP: 6/28 [gnoll/+0 spear (7)]
  1938 | D:3      | HP: 2/28 [gnoll/+0 spear (4)]
  2049 | D:3      | 2049 ||| DROPPING +3 mace of venom.
  2347 | D:3      | 2347 ||| UPGRADING to +0 cloak.
  2372 | D:4      | Reached XP level 5. HP: 25/32 MP: 5/5
  2494 | D:4      | Noticed Sigmund
  2495 | D:4      | 2495 ||| Stepping ~*~*~tactically~*~*~ (hiding).
  2497 | D:4      | 2497 ||| Stepping ~*~*~tactically~*~*~ (hiding).
  2498 | D:4      | 2498 ||| Stepping ~*~*~tactically~*~*~ (hiding).
  2524 | D:4      | Killed Sigmund
  2525 | D:4      | Reached XP level 6. HP: 12/37 MP: 6/6
  2630 | D:4      | Noticed Pikel
  2642 | D:4      | Killed Pikel
  2643 | D:4      | Reached XP level 7. HP: 30/48 MP: 7/7
  2643 | D:4      | 2643 ||| FLEEEEING.
  2644 | D:4      | 2644 ||| FLEEEEING.
  2645 | D:4      | 2645 ||| FLEEEEING.
  2646 | D:4      | 2646 ||| FLEEEEING.
  2647 | D:4      | 2647 ||| FLEEEEING.
  2648 | D:4      | 2648 ||| FLEEEEING.
  2649 | D:4      | 2649 ||| FLEEEEING.
  2650 | D:4      | 2650 ||| FLEEEEING.
  2651 | D:4      | 2651 ||| STAIRDANCE
  2704 | D:3      | 2704 ||| READING scroll labelled CEFIACS RAMUIH.
  2705 | D:3      | 2705 ||| DRINKING 2 smoky golden potions.
  2706 | D:3      | 2706 ||| READING 2 scrolls of identify.
  2706 | D:3      | 2706 ||| IDENTIFYING red potion
  2707 | D:3      | 2707 ||| DROPPING potion of degeneration.
  2799 | D:4      | Reached skill level 1 in Dodging
  2799 | D:4      | Reached XP level 8. HP: 53/53 MP: 8/8
  2822 | D:4      | 2822 ||| Stepping ~*~*~tactically~*~*~ (hiding).
  2831 | D:4      | Reached skill level 6 in Axes
  2854 | D:4      | Noticed Natasha
  2864 | D:4      | Killed Natasha
  2953 | D:4      | Noticed Natasha
  2965 | D:4      | Killed Natasha
  3192 | D:4      | 3192 ||| UPGRADING to ring of willpower.
  3193 | D:4      | 3193 ||| DRINKING 2 smoky green potions.
  3298 | D:4      | 3298 ||| DROPPING potion of berserk rage.
  3310 | D:4      | Noticed Natasha
  3311 | D:4      | 3311 ||| Stepping ~*~*~tactically~*~*~ (hiding).
  3318 | D:4      | Killed Natasha
  3421 | D:4      | 3421 ||| DRINKING 2 fizzy silvery potions.
  3462 | D:5      | Entered Level 5 of the Dungeon
  3467 | D:5      | Found a sparkling altar of Nemelex Xobeh.
  3506 | D:5      | 3506 ||| Stepping ~*~*~tactically~*~*~ (hiding).
  3507 | D:5      | 3507 ||| Stepping ~*~*~tactically~*~*~ (hiding).
  3515 | D:5      | 3515 ||| Stepping ~*~*~tactically~*~*~ (hiding).
  3664 | D:5      | 3664 ||| Stepping ~*~*~tactically~*~*~ (hiding).
  3689 | D:5      | 3689 ||| Stepping ~*~*~tactically~*~*~ (hiding).
  3690 | D:5      | 3690 ||| Stepping ~*~*~tactically~*~*~ (hiding).
  3716 | D:5      | 3716 ||| Stepping ~*~*~tactically~*~*~ (stealth).
  3858 | D:5      | 3858 ||| Stepping ~*~*~tactically~*~*~ (stealth).
  3879 | D:5      | 3879 ||| READING scroll of enchant armour.
  3879 | D:5      | 3879 ||| ENCHANTING +0 pair of gloves.
  4006 | D:5      | Found a staircase to the Ecumenical Temple.
  4007 | D:5      | 4007 ||| PLANNING TEMPLE
  4007 | D:5      | 4007 ||| UPGRADING to +0 chain mail.
  4017 | D:5      | 4017 ||| DROPPING +0 scale mail.
  4029 | Temple   | Entered the Ecumenical Temple
  4030 | Temple   | 4030 ||| PLANNING OKAWARU WORSHIP
  4108 | Temple   | Became a worshipper of Warmaster Okawaru
  4109 | Temple   | 4109 ||| PLANNING D:1-11
  4174 | D:5      | 4174 ||| Stepping ~*~*~tactically~*~*~ (stealth).
  4676 | D:5      | Found Huek Kod's Assorted Antiques.
  4681 | D:5      | 4681 ||| BUYING glowing chain mail (142 gold).
  4681 | D:5      | Bought a glowing chain mail for 142 gold pieces
  4681 | D:5      | 4681 ||| SHOPLISTING glowing cloak (142 gold, have 56).
  4681 | D:5      | 4681 ||| SHOPLISTING jewelled glass wand (76 gold, have
                  | 56).
  4681 | D:5      | 4681 ||| BUYING scroll labelled KECZAUS FIUPT (19 gold).
  4681 | D:5      | Bought a scroll labelled KECZAUS FIUPT for 19 gold pieces
  4681 | D:5      | 4681 ||| BUYING scroll labelled VIXTIC UMPUI (19 gold).
  4681 | D:5      | Bought a scroll labelled VIXTIC UMPUI for 19 gold pieces
  4699 | D:5      | 4699 ||| UPGRADING to +0 helmet.
  4704 | D:5      | 4704 ||| UPGRADING to +1 chain mail of fire resistance.
  4714 | D:5      | 4714 ||| DROPPING +0 chain mail.
  4715 | D:5      | 4715 ||| READING 2 scrolls labelled VIXTIC UMPUI.
  4718 | D:5      | 4718 ||| READING scroll labelled KECZAUS FIUPT.
  4743 | D:6      | Noticed Blork the orc
  4744 | D:6      | 4744 ||| Stepping ~*~*~tactically~*~*~ (hiding).
  4772 | D:6      | Killed Blork the orc
  4792 | D:6      | HP: 13/53 [hound (5)]
  4793 | D:6      | 4793 ||| READING scroll of teleportation.
  4800 | D:6      | 4800 ||| FLEEEEING.
  4801 | D:6      | 4801 ||| FLEEEEING.
  4802 | D:6      | 4802 ||| FLEEEEING.
  4803 | D:6      | HP: 9/53 [acid (4)]
  4806 | D:6      | 4806 ||| FLEEEEING.
  4807 | D:6      | 4807 ||| STAIRDANCE
  4807 | D:6      | Slain by an ogre

Levels and vault maps discovered:
D:1:      saegor_arrival_simple_a, layout_basic, supply_closet_lemuel,
          minivault_11
D:2:      layout_loops_ring, basic_altar, nicolae_titane,
          uniq_crazy_yiuf_cottage
D:3:      layout_basic, mainiacjoe_overflow_catwalk, lemuel_tele_altar,
          chequers_mini_garden
D:4:      layout_rooms, uniq_pikel, uniq_natasha, uniq_sigmund
D:5:      layout_basic, nemelex_xobeh_ov_fountains_minmay,
          minmay_temple_entry_stoned_glass, serial_shops, shop_statue
D:6:      layout_basic, mainiacjoe_overflow_six_doors_small, st_stairs_13,
          uniq_blork_the_orc
Temple:   eino_temple_lava

Skill      XL: |  1  2  3  4  5  6  7  8 |
---------------+-------------------------+-----
Axes           | 2 3 4 5 7 |  7.9
Throwing       | 1 2 |  2.1
Fighting       | 7 |  7.0
Dodging        | 1 |  1.3
Armour         | 4 |  4.0
Shields        | |  3.2

Action                     |  1- 3 |  4- 6 |  7- 9 || total
---------------------------+-------+-------+-------++-------
  Melee: War axe           |    96 |    78 |   173 ||   347
  Throw: Javelin           |    23 |    14 |    31 ||    68
         Boomerang         |       |       |     1 ||     1
    Use: Scroll            |     5 |       |     6 ||    11
         Potion            |     1 |     1 |     3 ||     5
 Armour: Scale mail        |    50 |    69 |    46 ||   165
         Chain mail        |       |       |    36 ||    36
  Dodge: Dodged            |    36 |    49 |    70 ||   155
  Block: Buckler           |     9 |    27 |    26 ||    62

Table legend:
 A = Non-vault XP
 B = Vault XP
 C = Vault XP percentage of total XP
 D = Non-vault monster count
 E = Vault monster count
 F = Vault count percentage of total count
                 A         B        C        D         E       F
            +---------+---------+-------+---------+---------+-------
      Total |    1238 |    1025 |  45.3 |     113 |       4 |   3.4
            +---------+---------+-------+---------+---------+-------
        D:1 |      38 |       0 |   0.0 |      23 |       0 |   0.0
        D:2 |      25 |       0 |   0.0 |      14 |       0 |   0.0
        D:3 |     100 |       0 |   0.0 |      21 |       0 |   0.0
        D:4 |     289 |     934 |  76.4 |      22 |       3 |  12.0
        D:5 |     598 |       0 |   0.0 |      26 |       0 |   0.0
        D:6 |     188 |      91 |  32.6 |       7 |       1 |  12.5
            +---------+---------+-------+---------+---------+-------
